 Dungeon Sprint DCSS version 0.31-a0-325-g067879e3d3 (webtiles) character file.

Game seed: 14087403573488883214

9923 HallandMoats the Fighter (level 11, -20/101 HPs)
             Began as a Mummy Monk on July 19, 2023.
             Was the Champion of Qazlal.
             Demolished by a royal mummy (21 damage)
             ... in the Dungeon (Sprint V: "Ziggurat Sprint").
             The game lasted 00:04:59 (645 turns).

HallandMoats the Fighter (Mummy Monk)                Turns: 645, Time: 00:04:59

Health: -20/101    AC: 24    Str: 25    XL:     11   Next: 29%
Magic:  5/20       EV:  3    Int:  9    God:    Qazlal [******]
Gold:   0          SH: 38    Dex: 21    Spells: 10/10 levels left

rFire   . . .        t - +16 obsidian axe {drain, demonic, Mesm Drain Fly SInv}
rCold   + + .        u - +18 shield of the Gong {Loud rN+ Will+ rCorr EV-5}
rNeg    + + +        e - +5 gold dragon scales
rPois   ∞            (no helmet)
rElec   +            (no cloak)
rCorr   +            (no gloves)
SInv    +            (no boots)
Will    ++...        o - amulet of regeneration Stlth
                     s - +6 ring of strength
HPRegen 1.16/turn    n - ring "Vaahiaza" {rElec Dex+6}
MPRegen 0.17/turn

%: no teleportation, repel missiles, faith
@: protected from physical damage, flying, mesmerised, slowed, very slow
A: cold resistance 1, negative energy resistance 3, torment resistance 2, heat
vulnerability 1, in touch with death 1, no potions, faith
a: Renounce Religion, Upheaval, Elemental Force, Disaster Area


You were in the Dungeon.
You worshipped Qazlal.
Qazlal was exalted by your worship.
You visited 1 branch

Inventory:

Hand Weapons
 t - the +16 obsidian axe (weapon) {drain, demonic, Mesm Drain Fly SInv}
   (You found it in the Dungeon)

   Mesm:      Its wielder is mesmerised by any visible foes, and it cannot be
   unequipped while any foes are visible.
   SInv:      It lets you see invisible.
   Fly:       It grants you flight.
   Drain:     It drains your maximum health when unequipped.
Armour
 e - +5 gold dragon scales (worn)
 u - the +18 shield of the Gong (worn) {Loud rN+ Will+ rCorr EV-5}
   (You found it in the Dungeon)

   Loud:      It is deafeningly noisy when blocking attacks.
   EV:        It affects your evasion (-5).
   rN:        It protects you from negative energy.
   rCorr:     It protects you from acid and corrosion.
   Will:      It increases your willpower.
Jewellery
 n - the ring "Vaahiaza" (right hand) {rElec Dex+6}
   (You found it in the Dungeon)

   [ring of dexterity]

   Dex:       It affects your dexterity (+6).
   rElec:     It insulates you from electricity.
 o - an amulet of regeneration (around neck)
 s - a +6 ring of strength (left hand)
Wands
 a - a wand of digging (5)
 c - a wand of flame (6)
 j - a wand of mindburst (11)
 k - a wand of iceblast (14)
 l - a wand of acid (9)
 p - a wand of polymorph (2)
Scrolls
 b - a scroll of brand weapon
 d - 4 scrolls of blinking
 f - 4 scrolls of amnesia
 g - 8 scrolls of fog
 h - 5 scrolls of identify
 i - 2 scrolls of fear
 m - 4 scrolls of enchant weapon


   Skills:
 * Level 14.5 Fighting
 + Level 9.1 Axes
 + Level 8.7 Armour
 + Level 8.8 Dodging
 + Level 8.3 Shields
 * Level 13.1 Invocations


You had 10 spell levels left.
You didn't know any spells.
Your spell library contained the following spells:

 Spells                   Type           Power      Damage    Failure   Level
 Necrotise                Necr           0%         1d4       100%        1
 Sandblast                Erth           0%         2d4       100%        1
 Slow                     Hex            0%         N/A       100%        1
 Inner Flame              Hex/Fire       0%         N/A       100%        3
 Mephitic Cloud           Conj/Pois/Air  0%         N/A       100%        3
 Tukima's Dance           Hex            0%         N/A       100%        3
 Vampiric Draining        Necr           0%         2d6       100%        3
 Vhi's Electric Charge    Tloc/Air       0%         N/A       100%        3
 Flame Wave               Conj/Fire      0%         2d4       100%        4
 Olgreb's Toxic Radiance  Pois           0%         N/A       100%        4
 Sticky Flame             Conj/Fire      0%         2d3       100%        4
 Agony                    Necr           0%         N/A       100%        5
 Arcjolt                  Conj/Air       0%         1d10      100%        5
 Borgnjor's Vile Clutch   Necr/Erth      0%         N/A       100%        5
 Fireball                 Conj/Fire      0%         3d3       100%        5
 Iskenderun's Battlesphe  Conj           0%         2d6       100%        5
 Lee's Rapid Deconstruct  Erth           0%         3d4*      100%        5
 Conjure Ball Lightning   Conj/Air       0%         3x3d6     100%        6
 Plasma Beam              Fire/Air       0%         2x1d10    100%        6
 Orb of Destruction       Conj           0%         9d5       100%        7
 Ozocubu's Refrigeration  Ice            0%         4d7       100%        7


Dungeon Overview and Level Annotations

Branches:
Dungeon (1/1)

Altars:
Ashenzari
Cheibriados
Dithmenos
Fedhas
Gozag
Hepliaklqana
Kikubaaqudgha
Makhleb
Nemelex Xobeh
Okawaru
Qazlal
Ru
Sif Muna
Trog
Uskayaw
Vehumet
Wu Jian
Xom
Yredelemnul
Jiyva
Lugonu

Annotations:
D 1 transporter


Innate Abilities, Weirdness & Mutations

You are immune to poison.
Your flesh is cold resistant. (rC+)
You are immune to negative energy. (rN+++)
You are immune to unholy pain and torment.
You are vulnerable to heat. (rF-)
You are in touch with the powers of death.
You do not drink.
You have a special connection with the divine. (Faith)


Message History

You feel as though you will be slow longer.
You block the death scarab's attack.
GONNNNG!
The royal mummy hits you!
You feel protected from physical attacks.
The death scarab is engulfed in freezing vapours.
The royal mummy mumbles some strange words. x2
The royal mummy is engulfed in blazing flames.
You block the death scarab's attack.
PTOANNNG!
The royal mummy hits you but does no damage.
The royal mummy gestures wildly while chanting.
The royal mummy hits you!
You feel more protected from physical attacks.
You slash the royal mummy! You open a gate to Pandemonium!
A demon appears!
The royal mummy is heavily damaged.
You hit the death scarab but do no damage.
You hit the royal mummy. You closely miss the death scarab.
You slash the royal mummy! You hit the death scarab.
Visions of slaying the royal mummy flood into your mind.
You block the death scarab's attack.
BOUMMMMG!
You block the death scarab's attack.
GONNNNG!
You block the death scarab's attack.
BONNNG!
The death scarab bites you!
* * * LOW HITPOINT WARNING * * *
You block the death scarab's attack.
PANG!
The death scarab is engulfed in blazing flames.
The death scarab barely misses you. The death scarab bites you!
* * * LOW HITPOINT WARNING * * *
The death scarab drains your vigour!
You feel as though you will be slow longer.
The royal mummy hits you!
* * * LOW HITPOINT WARNING * * *
You feel more protected from physical attacks.
The royal mummy hits you!!
You die...

▓▓▓▓▓▓▓▓▓▓▓▓
▓...8©8...▓...8©8...▓.
▓...?!:|..▓..))..)..▓.
▓..:=):)..▓...|)=)..▓.
▓......s..▓.........▓.
▓....sM.s.▓.........▓.
▓≈.○sM☼...▓.........▓.
▓≈.BMMMM..▓.........▓.
▓..BB@B§.s▓.........▓.
▓..B☼BB...▓.........▓.
▓..☼3○°...▓....©....▓▓
▓▓▓▓▓▓▓▓▓▓▓▓▓▓▓▓▓▓▓▓▓


You could see 5 royal mummies, 5 emperor scorpions, a guardian mummy, 7 death
scarabs and a friendly ynoxinul (summoned).

Vanquished Creatures
  A shadow dragon (D)
  2 mummy priests (D)
  2 soul eaters (D)
  2 ugly things (D)
  A cane toad (D)
  2 guardian mummies (D)
  A komodo dragon (D)
  3 merfolk (D)
  A hornet (shapeshifter) (D)
  3 tarantellas (D)
  A flying skull (D)
  An ushabti (D)
  A neqoxec (D)
  A wyvern (D)
  3 yaks (D)
  An orc warrior (D)
  2 wolves (D)
  A scorpion (D)
  A bullfrog (D)
  A crimson imp (D)
  3 orc priests (D)
  2 orc wizards (D)
  5 mummies (D)
  A river rat (D)
  A white imp (D)
  An adder skeleton (D)
  An adder zombie (D)
  6 orcs (D)
  A bat zombie (D)
  A ball python skeleton (D)
  A ball python zombie (D)
  2 giant cockroach zombies (D)
  A quokka skeleton (D)
  2 quokka zombies (D)
  A spectral ball python (D)
60 creatures vanquished.

Vanquished Creatures (collateral kills)
  A soul eater (D)
  An ugly thing (D)
  A merfolk (D)
  A blink frog (shapeshifter) (D)
  A spriggan (D)
  2 black bears (D)
  A wolf (D)
  A scorpion (D)
9 creatures vanquished.

Grand Total: 69 creatures vanquished

Notes
Turn   | Place    | Note
-------+----------+-------------------------------------------
     0 | D        | HallandMoats the Mummy Monk began the quest for the Orb.
     0 | D        | Reached XP level 1. HP: 18/18 MP: 1/1
     5 | D        | Found a shimmering blue altar of Sif Muna.
     5 | D        | Found a sacrificial altar of Ru.
     5 | D        | Found a bloodstained altar of Trog.
     5 | D        | Found a stormy altar of Qazlal.
     5 | D        | Found an iron altar of Okawaru.
     5 | D        | Found a sparkling altar of Nemelex Xobeh.
     5 | D        | Found a blossoming altar of Fedhas.
     5 | D        | Found the +6 Majin-Bo {spellvamp, MP+6 Int+6}
     5 | D        | Found the +27 heavy crossbow "Sniper" {heavy, Acc+∞ SInv}
     5 | D        | Found the +10 dark maul {heavy}
     5 | D        | Found the +15 Maxwell's patent armour {-Cast -Tele rElec
                  | Will+ rCorr}
     5 | D        | Found the +18 shield of the Gong {Loud rN+ Will+ rCorr
                  | EV-5}
     5 | D        | Found the +16 obsidian axe {drain, demonic, Mesm Drain Fly
                  | SInv}
     5 | D        | Found the +7 great mace "Firestarter" {flame, immolate,
                  | rFlCloud rF++}
     5 | D        | Found the +6 shillelagh "Devastator" {shatter}
     5 | D        | Found the +11 plutonium sword {Contam Stlth-}
     5 | D        | Found the +8 lance "Wyrmbane" {slay drac, rPois rF+ rC+
                  | AC+3}
     5 | D        | Found the +9 sword of Zonguldrok {reap}
     5 | D        | Found the +13 scythe of Curses {drain, curses, Drain}
     5 | D        | Found the +9 sword of Power {lifebolt}
     5 | D        | Found the +7 mace of Variability {chaos, chaos arc}
     5 | D        | Found the +11 Singing Sword {sonic wave}
     5 | D        | Found the +8 storm bow {elec, penet}
     6 | D        | Found a transporter.
     6 | D        | Found an ancient bone altar of Kikubaaqudgha.
     6 | D        | Found a viscous altar of Jiyva.
     6 | D        | Found a corrupted altar of Lugonu.
     6 | D        | Found a hazy altar of Hepliaklqana.
     6 | D        | Found a burning altar of Makhleb.
     6 | D        | Found an opulent altar of Gozag.
    19 | D        | Became a worshipper of Qazlal Stormbringer
    19 | D        | Reached * piety under Qazlal
    19 | D        | Reached ** piety under Qazlal
   162 | D        | Entered arena 2.
   162 | D        | Noticed an orc priest
   162 | D        | Found a transporter.
   164 | D        | Killed an orc priest
   165 | D        | Reached skill level 4 in Fighting
   165 | D        | Reached skill level 1 in Armour
   165 | D        | Reached skill level 1 in Shields
   165 | D        | Reached XP level 2. HP: 25/25 MP: 1/3
   165 | D        | Gained mutation: You are in touch with the powers of death.
                  | [Mummy growth]
   165 | D        | Reached XP level 3. HP: 30/30 MP: 1/4
   198 | D        | Entered arena 3.
   198 | D        | Found a transporter.
   202 | D        | Reached *** piety under Qazlal
   257 | D        | Entered arena 4.
   257 | D        | Found a transporter.
   259 | D        | Reached **** piety under Qazlal
   260 | D        | Reached skill level 5 in Fighting
   260 | D        | Reached XP level 4. HP: 39/39 MP: 6/6
   267 | D        | Entered arena 5.
   267 | D        | Noticed a merfolk
   267 | D        | Noticed a merfolk
   267 | D        | Noticed a merfolk
   267 | D        | Noticed a merfolk
   267 | D        | Found a transporter.
   273 | D        | Killed a merfolk
   273 | D        | Reached ***** piety under Qazlal
   274 | D        | Reached skill level 7 in Fighting
   274 | D        | Reached skill level 5 in Invocations
   274 | D        | Reached XP level 5. HP: 10/48 MP: 6/9
   274 | D        | Reached XP level 6. HP: 11/55 MP: 6/10
   274 | D        | Killed a merfolk
   275 | D        | Reached skill level 8 in Fighting
   275 | D        | Reached skill level 5 in Axes
   275 | D        | Reached skill level 5 in Dodging
   275 | D        | Reached XP level 7. HP: 13/62 MP: 6/12
   275 | D        | Killed a merfolk
   276 | D        | Killed a merfolk
   277 | D        | Reached skill level 9 in Fighting
   277 | D        | Reached skill level 5 in Armour
   435 | D        | Entered arena 6.
   435 | D        | Noticed a tarantella
   435 | D        | Noticed a tarantella
   435 | D        | Noticed a tarantella
   435 | D        | Found a transporter.
   439 | D        | Reached XP level 8. HP: 63/71 MP: 12/14
   439 | D        | Killed a tarantella
   440 | D        | Reached skill level 5 in Shields
   440 | D        | Killed a tarantella
   440 | D        | Reached ****** piety under Qazlal
   440 | D        | Killed a tarantella
   441 | D        | Reached skill level 10 in Fighting
   452 | D        | Entered arena 7.
   452 | D        | Noticed a blink frog
   452 | D        | Noticed a brown ugly thing
   452 | D        | Noticed a brown ugly thing
   452 | D        | Noticed a hornet
   452 | D        | Noticed a green ugly thing
   453 | D        | Found a transporter.
   456 | D        | Killed a blink frog
   456 | D        | Killed a green ugly thing
   457 | D        | Reached skill level 11 in Fighting
   457 | D        | Reached XP level 9. HP: 79/81 MP: 14/16
   458 | D        | Killed a brown ugly thing
   459 | D        | Reached skill level 10 in Invocations
   459 | D        | Killed a brown ugly thing
   470 | D        | Entered arena 8.
   471 | D        | Found a transporter.
   472 | D        | Reached skill level 12 in Fighting
   481 | D        | Got the ring "Vaahiaza" {rElec Dex+6}
   493 | D        | Entered arena 9.
   494 | D        | Found a transporter.
   497 | D        | Reached XP level 10. HP: 85/89 MP: 18/18
   503 | D        | Got the ring of Heresy {Fire rElec Will+ Str-2}
   505 | D        | Got Ruplig's Catalogue of the Gargoyle
   507 | D        | Entered arena 10.
   507 | D        | Noticed a cane toad
   508 | D        | Found a transporter.
   512 | D        | Killed a cane toad
   520 | D        | Got Sif Muna's Atlas of Toxicity
   524 | D        | Got the amulet of Sunlight {RegenMP Int+3 Dex+3}
   530 | D        | Entered arena 11.
   530 | D        | Noticed a mummy priest
   530 | D        | Noticed a mummy priest
   531 | D        | Found a transporter.
   538 | D        | Reached skill level 13 in Fighting
   538 | D        | Killed a mummy priest
   541 | D        | Killed a mummy priest
   550 | D        | Got the Handbook of Azure Hexing
   566 | D        | Entered arena 12.
   566 | D        | Noticed a soul eater
   566 | D        | Noticed a shadow dragon
   566 | D        | Noticed a soul eater
   567 | D        | Noticed a soul eater
   569 | D        | Found a transporter.
   579 | D        | Killed a soul eater
   580 | D        | Killed a soul eater
   581 | D        | Reached skill level 14 in Fighting
   581 | D        | Reached XP level 11. HP: 37/100 MP: 20/20
   581 | D        | Killed a soul eater
   583 | D        | Killed a shadow dragon
   637 | D        | Entered arena 13.
   637 | D        | Noticed a royal mummy
   637 | D        | Noticed a royal mummy
   638 | D        | Noticed a royal mummy
   638 | D        | Noticed a royal mummy
   638 | D        | Noticed a royal mummy
   639 | D        | Noticed a death scarab
   639 | D        | Found a transporter.
   640 | D        | Noticed a death scarab
   640 | D        | Noticed a death scarab
   640 | D        | Noticed a death scarab
   640 | D        | Noticed a death scarab
   641 | D        | Noticed an emperor scorpion
   643 | D        | Noticed an emperor scorpion
   643 | D        | Noticed a death scarab
   643 | D        | Noticed a death scarab
   643 | D        | Noticed a death scarab
   643 | D        | Noticed a death scarab
   645 | D        | Noticed a death scarab
   645 | D        | Noticed a death scarab
   645 | D        | Noticed a death scarab
   645 | D        | Noticed an emperor scorpion
   645 | D        | Noticed an emperor scorpion
   645 | D        | Noticed an emperor scorpion
   645 | D        | HP: 1/101 [royal mummy (13)]
   645 | D        | Demolished by a royal mummy

Illustrated notes

Levels and vault maps discovered:
D:        sprint_v [room_start, room_1, room_2, room_3, room_4, room_5, room_6,
          room_7, room_8, room_9, room_10, room_11, room_12, room_13, room_14,
          room_15, room_16, room_17, room_18, room_19, room_20, room_21,
          room_22, room_23, room_24, room_25, room_26, room_27]

Skill      XL: |  1  2  3  4  5  6  7  8  9 10 11 |
---------------+----------------------------------+-----
Fighting       | 4 5 7 8 9 11 12 14 | 14.5
Axes           | 3 4 5 6 7 8 9 |  9.1
Armour         | 1 2 3 4 5 6 7 8 |  8.7
Dodging        | 3 4 5 6 7 8 |  8.8
Shields        | 1 2 3 4 6 8 |  8.3
Invocations    | 2 3 5 6 8 9 10 12 13 | 13.1

Action                     |  1- 3 |  4- 6 |  7- 9 | 10-12 || total
---------------------------+-------+-------+-------+-------++-------
  Melee: Broad axe         |     8 |     5 |    12 |    33 ||    58
 Invoke: Disaster Area     |       |       |       |     2 ||     2
 Armour: Gold dragon scale |     3 |     5 |     2 |    28 ||    38
  Dodge: Dodged            |       |       |       |     7 ||     7
  Block: Kite shield       |    13 |    19 |    24 |    96 ||   152

Table legend: (Time is in decaauts)
 A = Elapsed time spent in this place.
 B = Non-inter-level travel time spent in this place.
 C = Inter-level travel time spent in this place.
 D = Time resting spent in this place.
 E = Time spent auto-exploring this place.
 F = Levels seen in this place.
 G = Mean time per level.
                   A        B        C        D        E       F      G
               +--------+--------+--------+--------+--------+-----+--------+
         Total |    668 |    668 |      0 |    358 |      0 |   1 |  668.0 |
       Dungeon |    668 |    668 |      0 |    358 |      0 |   1 |  668.0 |
               +--------+--------+--------+--------+--------+-----+--------+

Top non-repeatable levels by time:
       D: 668 daAuts
